 Dungeon Sprint DCSS version 0.24.0-125-gc4c63601f3 (webtiles) character file.

Game seed: 783872145850629042, levelgen mode: deterministic

164 Groucho the Unseen (level 5, -5/40 HPs)
             Began as a Felid Berserker on Mar 4, 2020.
             Was a Believer of Trog.
             Slain by a hornet (6 damage)
             ... in the Dungeon (Sprint I: "Red Sonja").
             The game lasted 00:02:06 (635 turns).

Groucho the Unseen (Felid Berserker)                 Turns: 635, Time: 00:02:06

Health: -5/40      AC:  2    Str: 18    XL:     5   Next: 21%
Magic:  6/6        EV: 23    Int:  9    God:    Trog [**....]
Gold:   297        SH:  0    Dex: 17    Spells: 4/4 levels left
                                        Lives:  0   Deaths: 2

rFire    . . .     SeeInvis +     - Unarmed
rCold    . . .     Gourm    .   (shield unavailable)
rNeg     . . .     Faith    .   (armour unavailable)
rPois    .         Spirit   .   (helmet unavailable)
rElec    .         Reflect  .   (cloak unavailable)
rCorr    .         Harm     .   (gloves unavailable)
MR       .....     NoTele   +   (boots unavailable)
Stlth    ..........             (no amulet)
HPRegen  0.13/turn              (no ring)
MPRegen  0.10/turn              (no ring)

@: berserking (expiring), lethally poisoned (-5 -> -14), slowed, quick
A: very small, no armour, no weapons or thrown items, stealth, claws 1, fangs 3,
see invisible, carnivore, speed 1, shaggy fur 2, slow metabolism 1, sharp paws
a: Berserk, Trog's Hand, Renounce Religion


You were in the Dungeon.
You worshipped Trog.
Trog was pleased with you.
You were not hungry.

You visited 1 branch You collected 297 gold pieces.

Inventory:

Jewellery
 k - a +3 ring of protection {unknown}
Scrolls
 g - a scroll of magic mapping {unknown}
Potions
 b - a potion of curing
 c - a potion of heal wounds
 d - a potion of haste
 e - 2 potions of magic
 f - a potion of berserk rage
 h - a potion of degeneration {unknown}
 j - a potion of brilliance {unknown}
Comestibles
 a - a ration
 i - 2 chunks of flesh


   Skills:
 + Level 5.7 Fighting
 + Level 7.5 Dodging
 + Level 17.2 Stealth
 + Level 5.7 Unarmed Combat


You had 4 spell levels left.
You didn't know any spells.
Your spell library was empty.

Dungeon Overview and Level Annotations

Branches:
Dungeon (1/1)

Altars:
Cheibriados
Dithmenos
Elyvilon
Fedhas
Gozag
Hepliaklqana
Kikubaaqudgha
Makhleb
Nemelex Xobeh
Okawaru
Qazlal
Ru
Sif Muna
Trog
Uskayaw
Vehumet
Wu Jian
Xom
Yredelemnul
Zin
The Shining One
Jiyva
Lugonu

Shops:
D }


Innate Abilities, Weirdness & Mutations

You cannot wear armour.
You are incapable of wielding weapons or throwing items.
Your paws allow you to move quietly. (Stealth)
You have sharp claws.
You have razor-sharp teeth.
You have supernaturally acute eyesight. (SInv)
You are carnivorous and can eat meat at any time.
You cover ground quickly.
You are covered in thick fur. (AC +2)
You have a slow metabolism.
Your sharp claws are effective at attacking unaware monsters.


Message History

The centaur warrior hits you!
You are too injured to fight recklessly!
You are too injured to fight recklessly!
You are too injured to fight recklessly!
You are too injured to fight recklessly!
You are too injured to fight recklessly!
Unknown command.
You closely miss the hornet. The hornet stings you!
* * * LOW HITPOINT WARNING * * *
You are lethally poisoned!
You feel yourself slow down. The centaur warrior barely misses you.
You scratch the hornet.
The hornet is lightly wounded.
* * * LOW HITPOINT WARNING * * *
You feel sick. The hornet misses you. The centaur warrior barely misses you.
You barely miss the hornet.
The hornet is lightly wounded.
* * * LOW HITPOINT WARNING * * *
You feel sick. The hornet stings you.
You die...

################
#..'..#.)'..#__#
').#.)'..#..'..+
#####'#####'#__####
####..#...#(####$$# ##
#__####..##†#§§§§§#$$#
#_____##'#_.§§§§§c§..#
#_.∩..÷'...§#§≈§@y#
#_..__##_.#'##'####
#_____###+#[#§..(#
####### ####+###


You could see a centaur warrior and a hornet.

Vanquished Creatures
  A slime creature (D)
  Sigmund (D)
  A yak (D)
  An ogre (D)
  A jelly (D)
  Ijyb (D)
6 creatures vanquished.

Notes
Turn   | Place    | Note
-------+----------+-------------------------------------------
     0 | D        | Groucho the Felid Berserker began the quest for the Orb.
     0 | D        | Reached XP level 1. HP: 10/10 MP: 2/2
     2 | D        | Noticed Ijyb
    13 | D        | Killed Ijyb
    13 | D        | Reached skill level 8 in Stealth
    13 | D        | Reached XP level 2. HP: 11/14 MP: 3/3
   261 | D        | Noticed an ogre
   264 | D        | Killed an ogre
   264 | D        | Reached skill level 12 in Stealth
   264 | D        | Reached XP level 3. HP: 17/17 MP: 4/4
   264 | D        | Reached XP level 4. HP: 21/21 MP: 5/5
   284 | D        | Noticed Sigmund
   291 | D        | Killed Sigmund
   291 | D        | Reached ** piety under Trog
   291 | D        | Reached skill level 16 in Stealth
   291 | D        | Reached XP level 5. HP: 24/24 MP: 6/6
   541 | D        | Found a shimmering blue altar of Sif Muna.
   542 | D        | Found an ornate altar of the Wu Jian Council.
   543 | D        | Found a radiant altar of Vehumet.
   547 | D        | Gained mutation: You are covered in thick fur. (AC +2)
                  | [Felid growth]
   547 | D        | Reached XP level 6. HP: 28/28 MP: 7/7
   549 | D        | Found Daubboj's Gadget Emporium.
   549 | D        | Found an ancient bone altar of Kikubaaqudgha.
   549 | D        | Found a hazy altar of Hepliaklqana.
   549 | D        | Found a stormy altar of Qazlal.
   549 | D        | Found a hide-covered altar of Uskayaw.
   549 | D        | Found a blossoming altar of Fedhas.
   549 | D        | Found a bloodstained altar of Trog.
   549 | D        | Found an iron altar of Okawaru.
   549 | D        | Found a basalt altar of Yredelemnul.
   549 | D        | Found a glowing golden altar of the Shining One.
   549 | D        | Found a snail-covered altar of Cheibriados.
   549 | D        | Found a sacrificial altar of Ru.
   549 | D        | Found a glowing silver altar of Zin.
   549 | D        | Found a shadowy altar of Dithmenos.
   549 | D        | Found a white marble altar of Elyvilon.
   549 | D        | Noticed a yak
   550 | D        | Found an opulent altar of Gozag.
   551 | D        | Killed a yak
   552 | D        | Found a sparkling altar of Nemelex Xobeh.
   596 | D        | Found a burning altar of Makhleb.
   596 | D        | Found a shimmering altar of Xom.
   596 | D        | Noticed a slime creature
   597 | D        | Found a viscous altar of Jiyva.
   597 | D        | Found a corrupted altar of Lugonu.
   599 | D        | Killed a slime creature
   599 | D        | Reached *** piety under Trog
   599 | D        | Reached skill level 5 in Fighting
   599 | D        | Reached skill level 17 in Stealth
   599 | D        | Reached skill level 5 in Unarmed Combat
   599 | D        | Reached XP level 7. HP: 34/34 MP: 8/8
   607 | D        | Noticed a centaur warrior
   607 | D        | Noticed a centaur warrior
   608 | D        | Slain by a centaur warrior
   609 | D        | Reached XP level 6. HP: -1/31 MP: 7/7
   619 | D        | Mangled by a centaur warrior
   620 | D        | Reached XP level 5. HP: -9/40 MP: 6/6
   629 | D        | Noticed a hornet
   634 | D        | HP: 2/40 [poisoned by a hornet]
   635 | D        | Slain by a hornet

Levels and vault maps discovered:
D:        dungeon_sprint_1 [red_sonja_temple_1, red_sonja_temple_small_1]

Skill      XL: |  1  2  3  4  5  6 |
---------------+-------------------+-----
Stealth        | 8 12 16 17 | 17.2
Fighting       | 5 |  5.7
Dodging        | 7 |  7.5
Unarmed Combat | 5 |  5.7

Action                   |  1- 3 |  4- 6 |  7- 9 || total
-------------------------+-------+-------+-------++-------
Melee: Unarmed           |    12 |    17 |       ||    29
       Bite              |     2 |     2 |       ||     4
       Punch             |     1 |       |       ||     1
Invok: Berserk           |     1 |     3 |       ||     4
       Trog's Hand       |       |     1 |     1 ||     2
  Use: Scroll            |       |       |     1 ||     1
 Stab: Sleeping          |     1 |     3 |       ||     4
  Eat: Chunk             |       |     7 |       ||     7
Dodge: Dodged            |     3 |     8 |     3 ||    14
